 Dungeon Crawl Stone Soup version 0.29.1-12-g30fa7ad0bf (webtiles) character file.

Game seed: 12988606356377206676

420 KittyFluff the Cudgeller (level 6, -2/58 HPs)
             Began as a Gargoyle Berserker on Jan 4, 2023.
             Was a Believer of Trog.
             Slain by Duvessa
             ... wielding a +0 short sword
              (6 damage)
             ... on level 4 of the Dungeon.
             The game lasted 00:14:53 (3210 turns).

KittyFluff the Cudgeller (Gargoyle Berserker)       Turns: 3210, Time: 00:14:53

Health: -2/58      AC: 11    Str: 21    XL:     6   Next: 94%
Magic:  6/6        EV: 12    Int:  7    God:    Trog [**....]
Gold:   83         SH:  0    Dex: 11    Spells: 5/5 levels left

rFire   . . .      SeeInvis .   a - +0 mace
rCold   + . .      Faith    .   (no shield)
rNeg    + . .      Spirit   .   f - +0 leather armour
rPois   ∞          Reflect  .   (no helmet)
rElec   +          Harm     .   i - +1 cloak
rCorr   .          Rampage  .   (no gloves)
Will    .....                   s - +0 pair of boots
Stlth   ..........              (no amulet)
HPRegen 0.19/turn               o - ring of protection from cold
MPRegen 0.10/turn               (no ring)

@: berserking, weak-willed, very quick
A: sickness immunity, AC +4, negative energy resistance 1, electricity
resistance, torment resistance 1, petrification resistance
a: Renounce Religion, Berserk, Trog's Hand


You were on level 4 of the Dungeon.
You worshipped Trog.
Trog was pleased with you.
You visited 1 branch of the dungeon, and saw 4 of its levels.

You collected 83 gold pieces.

Inventory:

Hand Weapons
 a - a +0 mace (weapon)
 q - a +0 sling of freezing
Missiles
 g - 5 boomerangs (quivered)
 h - 20 stones
Armour
 f - a +0 leather armour (worn)
 i - a +1 cloak (worn)
 s - a +0 pair of boots (worn)
 t - a +0 scale mail
 u - a +0 ring mail
Jewellery
 o - a ring of protection from cold (left hand)
Scrolls
 e - a scroll of vulnerability
 j - a scroll of summoning {unknown}
 l - a scroll of immolation {unknown}
 v - a scroll of teleportation {unknown}
 x - a scroll of brand weapon
Potions
 c - a potion of mutation
 d - 4 potions of curing
 m - a potion of ambrosia {unknown}
 p - a potion of degeneration {unknown}
 r - a potion of invisibility {unknown}


   Skills:
 + Level 4.6 Fighting
 + Level 5.0 Maces & Flails
 + Level 2.4 Ranged Weapons
 * Level 4.0 Armour
 + Level 2.2 Dodging
 + Level 0.7 Stealth


You had 5 spell levels left.
You didn't know any spells.
Your spell library was empty.

Dungeon Overview and Level Annotations

Branches:
Dungeon (4/15)
 Temple: D:4-7

Altars:
Hepliaklqana
Makhleb
Uskayaw

Annotations:
D:4 Dowan, Duvessa


Innate Abilities, Weirdness & Mutations

You are immune to sickness and miasma.
Your stone body is resilient. (AC +4)
You are immune to poison.
You resist negative energy. (rN+)
You are resistant to electric shocks. (rElec)
You are resistant to unholy torment.
You are immune to petrification.


Message History

* * * LOW HITPOINT WARNING * * *
Unknown command.
As you read the scroll labelled PIOSUU KUMUMO, it crumbles to dust.
Your body is wracked with pain!
* * * LOW HITPOINT WARNING * * *
The orc wizard convulses!
The iguana convulses!
The orc convulses!
Duvessa convulses!
Dowan convulses!
It was a scroll of torment.
The iguana bites you but does no damage.
Dowan casts a spell.
Dowan blinks!
The orc wizard gestures at you while chanting.
The puff of flame misses you.
You sock the orc wizard!
You kill the orc wizard!
Trog accepts your kill.
Trog appreciates your killing of a magic user.
Duvessa says, "Beauty is only skin deep, and my weapons penetrate much further than that."
The iguana barely misses you. Duvessa barely misses you.
Your Armour skill increases to level 4!
A red film seems to cover your vision as you go berserk!
You feel yourself moving faster!
You feel mighty! Duvessa hits you but does no damage. The iguana misses you.
You hit Duvessa.
Duvessa is heavily wounded.
Duvessa closely misses you.
You hit Duvessa.
Duvessa is heavily wounded.
The iguana completely misses you. Duvessa hits you with a +0 short sword.
* * * LOW HITPOINT WARNING * * *
You sock Duvessa!
Duvessa is severely wounded.
Duvessa closely misses you. The iguana misses you.
You hit Duvessa.
Duvessa is almost dead.
Duvessa hits you but does no damage.
The iguana bites you but does no damage.
You hit Duvessa but do no damage.
Duvessa is almost dead.
Duvessa hits you with a +0 short sword.
You die...

....♣..≈≈≈≈≈..♣,*,*,*,*,*,*,***,*
....♣.≈.....≈.♣.,.....,,,,,,* *,*
.##.♣.≈.≈≈≈.≈.♣.*.#..,*,*,*,* *,*
....♣.≈≈...≈≈.♣.,...,,,,*,*,***,*
###.♣.≈≈._.≈≈.♣.,..,,,***,,,,,,,*
#.♣.≈≈...≈≈.♣.*e#**,* ***,*****
#.♣.≈.≈≈≈.≈.♣.#o######***,****
#.♣.≈.....≈.♣#el......,,,,,,,*
#.♣..≈≈≈≈≈..♣)@#*********,*****
###..♣♣♣♣♣♣♣♣♣..## *,,,,,,
..........# #### *******
###.#####.# ### ###


You could see Duvessa (fast, weak-willed), Dowan (weak-willed), an iguana
(weak-willed) and an orc (weak-willed).

Vanquished Creatures
  Grinder (D:3)
  2 orc priests (D:3)
  2 orc wizards
  A gnoll (D:1)
  2 adders (D:2)
  A worm (D:2)
  A dart slug (D:3)
  8 orcs
  6 bats
  5 endoplasms
  2 goblins
  6 hobgoblins
  3 quokkas
  7 ball pythons
  3 frilled lizards
  7 kobolds
  9 rats
66 creatures vanquished.

Notes
Turn   | Place    | Note
-------+----------+-------------------------------------------
     0 | D:1      | KittyFluff the Gargoyle Berserker began the quest for the
                  | Orb.
     0 | D:1      | Reached XP level 1. HP: 14/14 MP: 1/1
   189 | D:1      | Reached XP level 2. HP: 15/19 MP: 2/2
   559 | D:1      | Reached XP level 3. HP: 24/24 MP: 3/3
   778 | D:1      | Reached ** piety under Trog
  1322 | D:2      | Reached XP level 4. HP: 29/29 MP: 4/4
  1755 | D:3      | Found a burning altar of Makhleb.
  1899 | D:3      | Noticed Grinder
  1918 | D:3      | Paralysed by Grinder for 5 turns
  1928 | D:3      | Paralysed by Grinder for 4 turns
  1936 | D:3      | Killed Grinder
  1937 | D:3      | Reached skill level 4 in Maces & Flails
  1937 | D:3      | Reached XP level 5. HP: 9/33 MP: 5/5
  1937 | D:3      | Reached XP level 6. HP: 11/38 MP: 6/6
  2569 | D:3      | Reached skill level 5 in Maces & Flails
  2831 | D:3      | Found a hide-covered altar of Uskayaw.
  3135 | D:4      | Found a hazy altar of Hepliaklqana.
  3189 | D:4      | Noticed Duvessa
  3194 | D:4      | Noticed Dowan
  3210 | D:4      | Slain by Duvessa

Illustrated notes

Levels and vault maps discovered:
D:1:      nzn_arrival_crosshair, layout_loops_ring
D:2:      layout_basic, minmay_pentomino_r2
D:3:      layout_loops_ring, mainiacjoe_overflow_alcove_1,
          lightli_temple_of_fire, uniq_grinder
D:4:      layout_basic, mainiacjoe_overflow_paths, kennysheep_orc_sif_temple,
          gammafunk_ghost_mausoleum, uniq_blork_the_orc, uniq_edmund,
          uniq_duvessa, uniq_crazy_yiuf_cottage

Skill      XL: |  1  2  3  4  5  6 |
---------------+-------------------+-----
Dodging        | 2 |  2.2
Fighting       | 4 |  4.6
Maces & Flails | 4 5 |  5.0
Ranged Weapons | 2 |  2.4
Armour         | 3 4 |  4.0
Stealth        | |  0.7

Action                   |  1- 3 |  4- 6 || total
-------------------------+-------+-------++-------
Melee: Mace              |    86 |   110 ||   196
       Punch             |     1 |     1 ||     2
 Fire: Sling             |    12 |     8 ||    20
Throw: Boomerang         |       |     1 ||     1
Invok: Berserk           |       |     2 ||     2
  Use: Scroll            |       |     7 ||     7
       Potion            |       |     1 ||     1
 Stab: Sleeping          |     1 |       ||     1
Armor: Animal skin       |     4 |       ||     4
       Leather armour    |    32 |    52 ||    84
Dodge: Dodged            |    43 |    69 ||   112
